 Dungeon Crawl Stone Soup version 0.23.2-40-g277498a001 (webtiles) character file.

Game seed: 13431693701847784522

56 MalarOregon the Chiller (level 3, 0/24 HPs)
             Began as a Merfolk Ice Elementalist on Aug 24, 2019.
             Shot with a stone by a goblin (6 damage)
             ... led by Robin
             ... on level 1 of the Dungeon.
             The game lasted 00:02:13 (1245 turns).

MalarOregon the Chiller (Merfolk Ice Elementalist)  Turns: 1245, Time: 00:02:14

Health: 0/24       AC:  3    Str:  8    XL:     3   Next: 95%
Magic:  3/7        EV: 13    Int: 15    God:
Gold:   63         SH:  0    Dex: 14    Spells: 7/8 levels left

rFire    . . .     SeeInvis .   l - +3 dagger
rCold    . . .     Gourm    .   (no shield)
rNeg     . . .     Faith    .   a - +0 robe
rPois    .         Spirit   .   (no helmet)
rElec    .         Reflect  .   (no cloak)
rCorr    .         Harm     .   j - +0 pair of gloves
MR       .....                  (no boots)
Stlth    ++........             (no amulet)
HPRegen  0.08/turn              (no ring)
MPRegen  0.10/turn              (no ring)

@: no status effects
A: change form in water, swift swim, stealthy swim
a: no special abilities


You were on level 1 of the Dungeon.
You were hungry.

You visited 1 branch of the dungeon, and saw 2 of its levels.

You collected 63 gold pieces.

Inventory:

Hand Weapons
 l - a +3 dagger (weapon)
   (You took it off a goblin on level 1 of the Dungeon)
Armour
 a - a +0 robe (worn)
 j - a +0 pair of gloves (worn)
   (You found it on level 1 of the Dungeon)
Scrolls
 c - 2 scrolls of remove curse {unknown}
 f - a scroll of enchant weapon {unknown}
 g - a scroll of noise {unknown}
 h - a scroll of identify {unknown}
 i - a scroll of amnesia {unknown}
Potions
 d - 3 potions of curing {unknown}
Comestibles
 e - a ration {!d}
 k - 4 chunks of flesh


   Skills:
 - Level 2.6 Dodging
 - Level 2.1 Stealth
 + Level 3.3 Spellcasting
   Level 0.7 Conjurations
 - Level 4.0 Ice Magic


You had 7 spell levels left.
You knew the following spells:

 Your Spells              Type           Power        Failure   Level  Hunger
a - Freeze                Ice            ##..         3%          1    #......

Your spell library contained the following spells:

 Spells                   Type           Power        Failure   Level  Hunger
 Throw Frost              Conj/Ice       #.....       11%         2    ##.....
 Ozocubu's Armour         Chrm/Ice       #.......     26%         3    ###....
 Throw Icicle             Conj/Ice       #.......     58%         4    #####..
 Summon Ice Beast         Ice/Summ       #.......     63%         4    #####..


Dungeon Overview and Level Annotations

Branches:
Dungeon (2/15)

Altars:

Annotations:
D:2 Robin


Message History

The goblin closely misses you. The goblin hits you but does no damage.
A kobold comes into view.
There is a stone staircase leading up here.
The goblin barely misses you. The hobgoblin hits you.
* * * LOW HITPOINT WARNING * * *
The goblin closely misses you. The goblin hits you but does no damage.
The goblin closely misses you. The hobgoblin hits you with a +0 club.
* * * LOW HITPOINT WARNING * * *
The goblin hits you but does no damage.
You climb upwards.
You are feeling hungry.
There is a stone staircase leading down here.
You see here a stone.
Unknown command.
Aim: a goblin (unusually strong)
You freeze the goblin.
You kill the goblin!
The hobgoblin completely misses you.
Aim: a goblin, wielding a +0 club (unusually strong)
You freeze the goblin.
You kill the goblin!
Unknown command.
Aim: a hobgoblin (unusually strong)
You freeze the hobgoblin.
You kill the hobgoblin!
The goblin misses you.
Unknown command.
The goblin misses you.
Items here: ( )) ÷ ††
Things that are here:
a +0 dagger; a kobold corpse
Aim: a goblin, wielding a +0 club (unusually strong)
You freeze the goblin.
You kill the goblin!
The hobgoblin no longer looks unusually strong.
The goblin no longer looks unusually strong.
Aim: a hobgoblin, wielding a +0 club You freeze the hobgoblin.
The hobgoblin hits you but does no damage.
The goblin no longer looks unusually strong.
Aim: a hobgoblin, wielding a +0 club (heavily wounded)
You freeze the hobgoblin.
You kill the hobgoblin!
The goblin unwields a +0 club.
The goblin wields a +0 hunting sling.
The goblin shoots a stone.
The stone hits you but does no damage.
The goblin shoots a stone.
The stone hits you but does no damage.
Things that are here:
a stone; a +0 club; a goblin skeleton The goblin shoots a stone.
The stone hits you.
You die...

...[......# #........(......
..........# #...........####
......##### #...........#..#
......# #######.###.#... ......#
#..##.#### ###.### ##.##...)>
....# #^.######
##########################.#####
................@.()gg......))>#
#######...################..##)##
..........# #####..#g...
.....#.#### #.......(.##
.....#+###### #.#####.#.#
............# #.# #.#.#
............##########.## #.#.#
............#...........# #...#
............#...........# ##..#


You could see 2 goblins.

Vanquished Creatures
  Natasha (D:1)
  2 dart slugs (D:1)
  A giant cockroach (D:1)
  9 goblins (D:1)
  5 hobgoblins (D:1)
  4 bats
  3 kobolds (D:1)
  3 rats (D:1)
28 creatures vanquished.

Notes
Turn   | Place    | Note
-------+----------+-------------------------------------------
     0 | D:1      | MalarOregon the Merfolk Ice Elementalist began the quest
                  | for the Orb.
     0 | D:1      | Reached XP level 1. HP: 13/13 MP: 3/3
   238 | D:1      | Reached XP level 2. HP: 19/19 MP: 0/5
   305 | D:1      | Reached skill level 4 in Ice Magic
   835 | D:2      | Noticed Robin
   835 | D:2      | Noticed Natasha
  1107 | D:1      | Killed Natasha
  1107 | D:1      | Reached XP level 3. HP: 15/24 MP: 2/7
  1245 | D:1      | Shot with a stone by a goblin

Skill      XL: |  1  2 |
---------------+-------+-----
Ice Magic      | 4 |  4.0
Spellcasting   | 3 |  3.3
Dodging        | |  2.6
Stealth        | |  2.1
Conjurations   | |  0.7

Action                   || total
-------------------------++-------
Melee: Unarmed           ||    32
       Dagger            ||     1
 Cast: Freeze            ||    39
  Eat: Chunk             ||     1
Armor: Robe              ||    41
Dodge: Dodged            ||    77
